 Dungeon Crawl Stone Soup version 0.16.0-19-gb078050 (webtiles) character file.

166128 Leibowitz the Cleaver (level 16, -6/139 HPs)
             Began as a Demigod Fighter on Mar 23, 2015.
             Mangled by a bone dragon (11 damage)
             ... on level 1 of the Abyss.
             The game lasted 03:20:13 (32287 turns).

Leibowitz the Cleaver (Demigod Fighter)            Turns: 32287, Time: 03:20:13

Health: -6/139     AC: 15    Str: 40    XL:     16   Next: 74%
Magic:  0/25       EV: 19    Int: 12    God:
Gold:   3062       SH: 16    Dex: 19    Spells: 0 memorised, 15 levels left

rFire  . . .     SeeInvis .     a - +2 war axe (chop)
rCold  . . .     Clarity  .     I - +2 ring mail of Protective Custody {rN+ Str+2 Dex+4}
rNeg   + . .     SustAb   +     c - +0 shield
rPois  +         Gourm    .     v - +0 hat {Spirit}
rElec  .         Spirit   +     Q - +0 cloak
rCorr  .         Warding  .     z - +0 pair of gloves
rMut   .         Stasis   .     s - +1 pair of boots {Fly}
MR     +....                    (no amulet)
Stlth  ++........               H - ring "Laraadod" {Str+4 Slay+6}
                                d - ring of poison resistance

@: mighty, flying, hasted, very quick, somewhat resistant to hostile
enchantments, unstealthy
A: blurry vision 1, placid magic 1, sustain abilities
a: Stop Flying


You were on level 1 of the Abyss.
You were not hungry.

You visited 4 branches of the dungeon, and saw 30 of its levels.
You visited the Abyss 2 times.
You also visited: Labyrinth, Bailey and Volcano.

You collected 3913 gold pieces.
You spent 851 gold pieces at shops.

Inventory:

Hand weapons
 a - a +2 war axe of chopping (weapon)
 p - a +0 war axe of flaming
Missiles
 i - 5 tomahawks of dispersal (quivered)
Armour
 c - a +0 shield (worn)
 s - a +1 pair of boots of flying (worn)
 v - a +0 hat of spirit shield (worn)
 z - a +0 pair of gloves (worn)
 I - the +2 ring mail of Protective Custody (worn) {rN+ Str+2 Dex+4}
   (You found it on level 1 of the Lair of Beasts)

   It affects your strength (+2).
   It affects your dexterity (+4).
   It protects you from negative energy.
 Q - a +0 cloak (worn)
Jewellery
 d - a ring of poison resistance (left hand)
 o - a +3 ring of evasion
 q - an uncursed ring of protection from magic
 D - a +3 ring of slaying
 G - an uncursed ring of protection from magic
 H - the ring "Laraadod" (right hand) {Str+4 Slay+6}
   (You took it off a kobold in a bailey)

   [ring of slaying]

   It affects your strength (+4).
   It affects your accuracy and damage with ranged weapons and melee attacks
   (+6).
 U - an uncursed ring of see invisible
 V - a +5 ring of strength
Magical devices
 n - a wand of paralysis (8)
 x - a wand of digging (11)
 F - a wand of fire (5)
 W - a wand of cold (8)
 X - a wand of lightning (6)
Scrolls
 b - a scroll of enchant weapon
 e - 3 scrolls of fog
 f - 4 scrolls of recharging
 g - 9 scrolls of identify
 h - 2 scrolls of enchant armour
 k - a scroll of fear
 l - 2 scrolls of blinking
 r - 5 scrolls of remove curse
 u - 11 scrolls of teleportation
 y - 5 scrolls of magic mapping
Potions
 t - 4 potions of agility
 C - 5 potions of curing
 K - a potion of berserk rage
 L - 2 potions of invisibility
 N - a potion of restore abilities
 O - a potion of cancellation
 P - 2 potions of cure mutation
 R - a potion of might
 Z - a potion of brilliance


   Skills:
 + Level 11.6 Fighting
 + Level 14.4 Axes
 + Level 2.6 Throwing
 * Level 13.5 Armour
 + Level 9.5 Dodging
 + Level 4.5 Stealth
 + Level 12.6 Shields
 + Level 1.8 Evocations


You had 15 spell levels left.
You didn't know any spells.

Dungeon Overview and Level Annotations

Branches:
Dungeon (14/15)            Temple (0/1) D:5            Lair (8/8) D:10
  Swamp (4/5) Lair:6       Spider (0/5) Lair:6        Slime (0/6) Lair:8
    Orc (4/4) D:12            Elf (0/3) Orc:4
 Vaults: D:13-14

Shops:
D:12 (   D:13 (   Orc:1 *   Orc:3 %   Orc:4 [*}:(*}!*(

Portals:
Trove: D:13 (give +3 storm dragon armour)

Annotations:
Swamp:4 Louise


Innate Abilities, Weirdness & Mutations

Your attributes are resistant to harm.
Scrolls take you a little longer to read.
Your spells are a little easier to cast, but a little less powerful.


Message History

You feel you are being watched by something.
You feel your power leaking away. Something hits you!
* * * LOW HITPOINT WARNING * * *
Something hits you but does no damage. Something barely misses you.
You block the bone dragon's attack. The bone dragon claws you!
* * * LOW HITPOINT WARNING * * *
The bone dragon tramples you.
* * * LOW HITPOINT WARNING * * *
You hold your ground!
Drink which item? (? for menu, Esc to quit)
You feel yourself speed up.
You feel you are being watched by something.
Something hits you.
* * * LOW HITPOINT WARNING * * *
Something hits you!
* * * LOW HITPOINT WARNING * * *
Something stings you but does no damage.
The bone dragon bites you!
You die...

#.##..# ...
. . .##. #.
. #.
..#D#.. #
######...##
### #..
#.(#. ###.
.... .
..#..#.. .
.... ..
.###.#.##
#.# ## #
..#.#.D## .
#...@# . .
. ##.##{#
#.# #.....
h# . ##...
#..#
.###.#..#
.. . ###..
... . ..
.#. . .# ##


You could see a bone dragon and a hell hound.

Vanquished Creatures
  2 tentacled starspawn (Abyss:1)
  A lich (Abyss:1)
  An Executioner (Abyss:1)
  An orc warlord (Orc:3)
  A draconian scorcher (Abyss:1)
  Aizul (Swamp:4)
  A deep elf sorcerer (Abyss:1)
  Gastronok (Orc:1)
  An ophan (Abyss:1)
  A minotaur (Lab)
  8 hydras
  Harold (Lair:2)
  3 centaur warriors (D:13)
  3 alligators
  Erica (Lair:4)
  A ghost crab (Swamp:4)
  4 death yaks (Lair:8)
  2 thrashing horrors (Abyss:1)
  2 ogre magi
  5 orc high priests (Orc:4)
  A sun demon (Abyss:1)
  A wretched star (Abyss:1)
  A deep troll (Orc:4)
  A spriggan druid (Swamp:3)
  A deep elf summoner (Orc:3)
  A hill giant (D:12)
  2 unseen horrors
  4 swamp dragons
  5 orc knights
  A statue (Volcano)
  An anaconda skeleton (Abyss:1)
  3 griffons
  4 ugly things
  A deep elf conjurer (Orc:3)
  2 manticores
  6 orc sorcerers
  3 cyclopes
  A hornet (Swamp:3)
  18 elephants
  Joseph (Orc:1)
  7 black mambas
  A gargoyle (D:12)
  3 centaur skeletons
  4 orange demons (Abyss:1)
  Psyche (Orc:1)
  12 spiny frogs
  3 smoke demons (Abyss:1)
  A demonic crawler (Abyss:1)
  3 hellwings (Abyss:1)
  An ancient zyme (Abyss:1)
  9 starcursed masses (Abyss:1)
  4 large abominations (Abyss:1)
  2 fire drakes
  5 two-headed ogres
  4 giant leeches
  11 komodo dragons
  A blue devil (Abyss:1)
  9 polar bears (Lair:8)
  The ghost of Elizilla the Grappler, an experienced VSMo (D:5)
  Grinder (D:3)
  Prince Ribbit (D:8)
  A frost giant simulacrum (Abyss:1)
  3 trolls
  12 slime creatures
  3 bog bodies
  2 raiju (Lair:8)
  A basilisk (Lair:6)
  25 blink frogs
  6 spriggans
  2 ynoxinuls (Abyss:1)
  2 shadows
  A deep elf mage (D:12)
  7 hippogriffs
  33 yaks
  2 neqoxecs (Abyss:1)
  3 wyverns
  2 chaos spawn
  Eustachio (D:5)
  A fire bat (Volcano)
  A mottled dragon (D:12)
  28 vampire mosquitoes
  9 hell hounds
  A steam dragon (D:12)
  9 deep elf fighters (Orc:3)
  17 wargs
  Edmund (D:9)
  24 wolves
  6 insubstantial wisps (Swamp:2)
  3 hungry ghosts
  13 porcupines
  20 swamp worms
  28 orc warriors
  5 swamp drakes
  A necrophage (D:6)
  4 spiders (Lair:6)
  8 centaurs
  13 black bears
  An ice beast (D:5)
  A phantom (D:10)
  6 wasps
  12 water moccasins
  The ghost of Stepppan the Insei, an average DsMo (D:4)
  14 ogres
  2 sky beasts
  2 boring beetles
  Sigmund (D:6)
  Duvessa (D:4)
  14 crocodiles
  3 big kobolds
  Blork the orc (D:6)
  A brain worm (Abyss:1)
  2 wyvern zombies
  18 giant frogs
  5 scorpions
  4 wights (D:10)
  12 killer bees
  2 yak skeletons (Orc:4)
  3 goliath beetles
  6 lava snakes (Volcano)
  3 electric eels
  Dowan (D:4)
  7 crimson imps
  25 orc priests
  2 quasits
  2 centaur zombies
  3 jellies
  31 hounds
  17 iguanas
  4 iron imps
  10 hell rats (Lair:3)
  A gnoll shaman (D:10)
  24 orc wizards
  5 worker ants
  29 sheep
  4 small abominations (Abyss:1)
  2 hound zombies
  A hound skeleton (D:9)
  A mummy (D:12)
  A worker ant zombie (D:5)
  13 gnolls
  32 adders
  37 river rats
  2 white imps (Abyss:1)
  A giant mite (Lair:6)
  2 shadow imps
  2 worms (D:3)
  6 ufetubi (Abyss:1)
  12 orc zombies
  The ghost of cptnsdns the Skirmisher, a weakling HOAK of Lugonu (D:3)
  6 giant geckos
  201 orcs
  2 ball pythons
  15 bats
  6 giant cockroaches
  27 goblins
  22 hobgoblins
  16 jackals
  An ooze (D:1)
  17 quokkas
  A giant gecko skeleton (D:7)
  6 giant newts
  A giant spore (D:13)
  51 kobolds
  32 rats
  9 rat skeletons (Orc:4)
  4 ballistomycetes
  14 fungi
  2 plants (Lair:8)
  2 starspawn tentacles (Abyss:1)
1309 creatures vanquished.

Vanquished Creatures (others)
  A deep elf fighter (Orc:3)
  A giant frog (D:12)
  An orc wizard (Orc:4)
  An orc zombie (Orc:4)
  A giant spore (D:12)
  2 rat skeletons (Orc:4)
  12 fungi
  6 plants (Lair:8)
  6 starspawn tentacles (Abyss:1)
  54 starspawn tentacle segments (Abyss:1)
  6 toadstools (Swamp:4)
91 creatures vanquished.

Grand Total: 1400 creatures vanquished

Notes
Turn   | Place    | Note
--------------------------------------------------------------
     0 | D:1      | Leibowitz, the Demigod Fighter, began the quest for the Orb.
     0 | D:1      | Reached XP level 1. HP: 18/18 MP: 2/2
   101 | D:1      | Reached XP level 2. HP: 25/25 MP: 3/3
   243 | D:1      | Reached skill level 3 in Armour
   507 | D:1      | Found a sparkling altar of Nemelex Xobeh.
   956 | D:2      | Reached XP level 3. HP: 28/31 MP: 5/5
   999 | D:2      | Found a shattered altar of Ashenzari.
  1176 | D:2      | Reached skill level 1 in Stealth
  1676 | D:3      | Noticed cptnsdns' ghost (weakling HOAK)
  1689 | D:3      | Killed cptnsdns' ghost
  1759 | D:3      | Reached XP level 4. HP: 38/38 MP: 7/7
  2210 | D:3      | Found a shadowy altar of Dithmenos.
  2254 | D:3      | Noticed Grinder
  2275 | D:3      | Killed Grinder
  2275 | D:3      | Reached XP level 5. HP: 43/45 MP: 8/8
  2275 | D:3      | Reached XP level 6. HP: 48/51 MP: 10/10
  2413 | D:4      | Reached skill level 4 in Shields
  2467 | D:4      | Noticed Stepppan's ghost (average DsMo)
  2485 | D:4      | Killed Stepppan's ghost
  2498 | D:4      | Noticed Duvessa
  2498 | D:4      | Noticed Dowan
  2524 | D:4      | Killed Duvessa
  2530 | D:4      | Killed Dowan
  2592 | D:4      | Reached XP level 7. HP: 10/59 MP: 12/12
  2861 | D:4      | Found a white marble altar of Elyvilon.
  3569 | D:5      | Entered Level 5 of the Dungeon
  3600 | D:5      | Reached skill level 5 in Shields
  3628 | D:5      | Noticed Elizilla's ghost (experienced VSMo)
  3647 | D:5      | Killed Elizilla's ghost
  3647 | D:5      | Reached skill level 5 in Armour
  3647 | D:5      | Reached XP level 8. HP: 63/67 MP: 13/13
  3673 | D:5      | Reached skill level 5 in Axes
  3703 | D:5      | Reached skill level 1 in Dodging
  3935 | D:5      | Found a staircase to the Ecumenical Temple.
  3992 | D:5      | Reached skill level 5 in Fighting
  4084 | D:5      | Noticed Eustachio
  4161 | D:5      | Killed Eustachio
  4554 | D:6      | Reached skill level 6 in Shields
  4576 | D:6      | Noticed Sigmund
  4616 | D:6      | Killed Sigmund
  4838 | D:6      | Found a sparkling altar of Nemelex Xobeh.
  4910 | D:6      | Found a stormy altar of Qazlal.
  5087 | D:6      | Noticed Prince Ribbit
  5173 | D:6      | Noticed Blork the orc
  5185 | D:6      | Killed Blork the orc
  5800 | D:7      | Found a glowing silver altar of Zin.
  5963 | D:7      | Reached XP level 9. HP: 66/74 MP: 15/15
  6598 | D:8      | Found a glowing golden altar of the Shining One.
  6772 | D:8      | Reached skill level 1 in Throwing
  6795 | D:8      | Reached skill level 7 in Shields
  6992 | D:8      | Found a flagged portal.
  7000 | Bailey   | Entered a bailey
  7243 | Bailey   | Got a shimmering iron ring
  7732 | D:8      | Identified the ring "Laraadod" {Str+4 Slay+6} (You took it off a kobold in a bailey)
  7832 | D:8      | Found a burning altar of Makhleb.
  7949 | D:8      | Killed Prince Ribbit
  8155 | D:9      | Reached XP level 10. HP: 74/83 MP: 18/18
  8757 | D:9      | Found a shimmering altar of Xom.
  8757 | D:9      | Found a shimmering altar of Xom.
  8761 | D:9      | Found a shimmering altar of Xom.
  8762 | D:9      | Found a shimmering altar of Xom.
  8823 | D:9      | Noticed Edmund
  8832 | D:9      | Killed Edmund
  9018 | D:9      | Noticed a manticore
  9024 | D:9      | Noticed a ghost crab
  9131 | D:9      | Noticed a deep troll
  9142 | D:10     | Entered Level 10 of the Dungeon
  9142 | D:10     | Noticed a manticore
  9150 | D:10     | Killed a manticore
  9290 | D:10     | Reached skill level 8 in Armour
  9696 | D:10     | Found a staircase to the Lair.
 10161 | D:10     | Killed an unseen horror
 10514 | D:11     | Identified Shrathreob's Handbook of Enthralling Combat Magic (You found it on level 11 of the Dungeon)
 10580 | D:11     | Reached skill level 9 in Armour
 10635 | D:11     | Noticed a white ugly thing
 10650 | D:11     | Killed a white ugly thing
 10767 | D:11     | Reached XP level 11. HP: 92/92 MP: 18/18
 10884 | D:11     | Noticed a green ugly thing
 10893 | D:11     | Killed a green ugly thing
 11474 | D:12     | Found a staircase to the Orcish Mines.
 11525 | D:12     | Found Ozineron's Weapon Shoppe.
 11955 | D:12     | Reached skill level 10 in Armour
 12842 | Orc:1    | Entered Level 1 of the Orcish Mines
 12857 | Orc:1    | Found Nyotopob's General Store.
 13029 | Orc:1    | Noticed Psyche
 13034 | Orc:1    | Killed Psyche
 13213 | Orc:2    | Noticed an ogre mage
 13231 | Orc:2    | Killed an ogre mage
 13345 | Orc:2    | Noticed a soul eater
 13547 | Orc:1    | Noticed Gastronok
 13560 | Orc:1    | Killed Gastronok
 13560 | Orc:1    | Reached skill level 10 in Axes
 13560 | Orc:1    | Reached XP level 12. HP: 37/102 MP: 20/20
 14165 | Lair:1   | Entered Level 1 of the Lair of Beasts
 14402 | Lair:1   | Got an encrusted ring mail
 14413 | Lair:1   | Identified the +2 ring mail of Protective Custody {rN+ Str+2 Dex+4} (You found it on level 1 of the Lair of Beasts)
 15283 | Lair:2   | Noticed Harold
 15306 | Lair:2   | Killed Harold
 16002 | Lair:3   | Found a dark tunnel.
 16013 | Volcano  | Entered a volcano
 16084 | Volcano  | Noticed an ogre mage
 16085 | Volcano  | Found a radiant altar of Vehumet.
 16101 | Volcano  | Killed an ogre mage
 16138 | Volcano  | Reached skill level 11 in Axes
 16472 | Lair:3   | Reached skill level 10 in Shields
 16788 | Lair:3   | Reached XP level 13. HP: 43/111 MP: 13/21
 17586 | Lair:4   | Noticed Erica
 17596 | Lair:4   | Killed Erica
 18633 | Lair:5   | Reached skill level 5 in Dodging
 18995 | Lair:6   | Found a hole to the Spider Nest.
 19627 | Lair:6   | Found a staircase to the Swamp.
 19995 | Lair:7   | Reached skill level 12 in Axes
 20033 | Lair:7   | Reached skill level 10 in Fighting
 20219 | Lair:7   | Got a transparent dagger
 20220 | Lair:7   | Identified the cursed -3 dagger of Fear {flame, Contam rPois rN+ MP+9 Int+3} (You found it on level 7 of the Lair of Beasts)
 20281 | Lair:7   | Gained mutation: Your spells are a little easier to cast, but a little less powerful. [mutagenic glow]
 20618 | Lair:8   | Entered Level 8 of the Lair of Beasts
 20630 | Lair:8   | Found a labyrinth entrance.
 20652 | Lab      | Entered a labyrinth
 20916 | Lab      | Got a dazzling hand crossbow
 20981 | Lair:8   | Identified the +3 hand crossbow of Blood {freeze, rElec rC+ MP+9 Int-2} (You took it off a minotaur in a labyrinth)
 21033 | Lair:8   | Found an ancient bone altar of Kikubaaqudgha.
 21493 | Lair:8   | Reached XP level 14. HP: 112/121 MP: 19/21
 22054 | Lair:8   | Found a staircase to the Slime Pits.
 23145 | Orc:3    | Noticed an orc warlord
 23182 | Orc:3    | Killed an orc warlord
 23609 | Orc:3    | Found Oxzozij's Food Shop.
 23785 | Orc:4    | Entered Level 4 of the Orcish Mines
 23787 | Orc:4    | Found a staircase to the Elven Halls.
 23899 | Orc:4    | Found Qefruvoc's Antique Weapon Shoppe.
 24088 | Orc:4    | Found Taxudiupp's Book Emporium.
 24129 | Orc:4    | Found Voalos' Antique Armour Boutique.
 24130 | Orc:4    | Found Waadoats' Assorted Antiques.
 24343 | Orc:4    | Bought a scroll labeled ULIYXKOSOYS for 32 gold pieces
 24415 | Orc:4    | Found Shekh's Gadget Shop.
 24424 | Orc:4    | Found Rited's Antique Weapon Boutique.
 24432 | Orc:4    | Bought a glowing broad axe for 108 gold pieces
 24594 | Orc:4    | Paralysed by an orc sorcerer for 7 turns
 25028 | Orc:4    | Reached skill level 13 in Axes
 25064 | Orc:4    | Found Afaos' Gadget Shop.
 25065 | Orc:4    | Found Woca's General Store.
 25066 | Orc:4    | Found Xecuch's Assorted Antiques.
 25067 | Orc:4    | Found Liliev's Distillery.
 25076 | Orc:4    | Bought a pair of encrusted boots for 342 gold pieces
 25076 | Orc:4    | Bought a sapphire potion for 32 gold pieces
 25076 | Orc:4    | Reached skill level 1 in Evocations
 25076 | Orc:4    | Reached XP level 15. HP: 65/128 MP: 16/24
 25077 | Orc:4    | Identified the +2 pair of boots "Pliuc" {+Fly Regen+ rCorr Int-5} (You bought it in a shop on level 4 of the Orcish Mines)
 25381 | Orc:4    | Bought a runed war axe for 94 gold pieces
 25402 | Orc:4    | Bought a spiked scale mail for 243 gold pieces
 25402 | Orc:4    | Identified the cursed -3 scale mail of Amelioration {+Fly rC+ rCorr SInv} (You bought it in a shop on level 4 of the Orcish Mines)
 25627 | Orc:1    | Noticed Joseph
 25636 | Orc:1    | Killed Joseph
 26204 | D:13     | Got a flickering tin ring
 26206 | D:13     | Identified the cursed ring of Byntic {rElec MR- AC-2 Slay+2} (You found it on level 13 of the Dungeon)
 26594 | D:13     | Found a portal to a secret trove of treasure.
 26610 | D:13     | Found Thraothad's Antique Weapon Shoppe.
 27234 | Lair:4   | Noticed a six-headed hydra
 27246 | Lair:4   | Killed a one-headed hydra
 27323 | Swamp:1  | Entered Level 1 of the Swamp
 27905 | Swamp:1  | Reached XP level 16. HP: 128/137 MP: 22/25
 29367 | Swamp:3  | Got a jewelled cloak
 29368 | Swamp:3  | Identified the +0 cloak "Heun" {rF- Regen+ rCorr Str+2 Stlth+} (You found it on level 3 of the Swamp)
 30400 | Swamp:4  | Noticed Aizul
 30435 | Swamp:4  | Killed Aizul
 30710 | Swamp:4  | Noticed Louise
 30795 | Swamp:4  | Cast into the Abyss (Louise)
 30795 | Abyss:1  | Found a corrupted altar of Lugonu.
 30825 | Swamp:4  | Escaped the Abyss
 30867 | Swamp:4  | Cast into the Abyss (Louise)
 30914 | Abyss:1  | Reached skill level 14 in Axes
 31052 | Abyss:1  | Paralysed by accursed screaming for 1 turns
 31346 | Abyss:1  | Found a corrupted altar of Lugonu.
 31459 | Abyss:1  | Gained mutation: Scrolls take you a little longer to read. [a neqoxec]
 31827 | Abyss:1  | Noticed a lich
 31837 | Abyss:1  | Killed a lich
 31912 | Abyss:1  | Noticed a hellephant
 32267 | Abyss:1  | Noticed a bone dragon
 32287 | Abyss:1  | HP: 5/139 [something (10)]
 32287 | Abyss:1  | Mangled by a bone dragon

Action                   |  1- 3 |  4- 6 |  7- 9 | 10-12 | 13-15 | 16-18 || total
-------------------------+-------+-------+-------+-------+-------+-------++-------
Melee: War axe           |   130 |   143 |   712 |   839 |  1140 |   556 ||  3520
       Hand axe          |       |       |       |       |     8 |    41 ||    49
 Fire: Blowgun           |       |       |    29 |     6 |     2 |       ||    37
Throw: Throwing net      |       |       |     1 |       |       |       ||     1
       Javelin           |       |       |     5 |     3 |     1 |       ||     9
 Abil: Evoke Flight      |       |       |       |       |     1 |       ||     1
Evoke: Wand              |       |       |     4 |       |       |       ||     4
  Use: Potion            |     3 |     4 |     6 |     8 |     5 |    11 ||    37
       Scroll            |       |       |    13 |     6 |    11 |     4 ||    34
 Stab: Sleeping          |       |       |       |     4 |     3 |     1 ||     8
       Distracted        |       |       |       |       |     1 |     1 ||     2
  Eat: Chunk             |     3 |     3 |    17 |    19 |    32 |     8 ||    82
       Meat ration       |       |       |     1 |     1 |     1 |       ||     3
       Pizza             |       |       |       |     2 |     2 |     1 ||     5
       Fruit             |       |       |       |     1 |       |       ||     1
       Beef jerky        |       |       |       |       |     1 |       ||     1
       Bread ration      |       |       |       |       |       |     1 ||     1
       Royal jelly       |       |       |       |       |       |     1 ||     1
